TOP OF THE 1ST |
South Florida Bulls batting - Pitching for Auburn Tigers : LHP Werner Corona
|
Pitching: LHP Werner Corona
|
|
Batting: RHB Dave Anderson
|
0-0: Ball 1-0: Called Strike 1-1: Called Strike 1-2: DOUBLE (Flyball, 8LM)
|
Batting: RHB Víctor Pérez
|
0-0: Ball 1-0: Called Strike 1-1: Foul Ball, location: 2F 1-2: Ball 2-2: Foul Ball, location: 2F 2-2: Foul Ball, location: 2F 2-2: Ground out 5-3 (Groundball, 56)
|
Batting: LHB Bob Bush
|
0-0: Ball Dave Anderson steals 3rd base 1-0: Swinging Strike 1-1: SINGLE (Groundball, 4M) Dave Anderson scores
|
Batting: RHB Leonardo Sinisterra
|
0-0: Foul Ball, location: 2F 0-1: Ball Wild Pitch! Bob Bush to second 1-1: Swinging Strike 1-2: Foul Ball, location: 2F 1-2: Strikes out swinging
|
Batting: RHB Pancho Reyna
|
0-0: Called Strike 0-1: Swinging Strike 0-2: Ground out 6-3 (Groundball, 6)
|
Top of the 1st over - 1 run(s), 2 hit(s), 0 error(s), 1 left on base; South Florida 1 - Auburn 0 |
BOTTOM OF THE 1ST |
Auburn Tigers batting - Pitching for South Florida Bulls : RHP Wade Stover
|
Pitching: RHP Wade Stover
|
|
Batting: RHB Jerry Browning
|
0-0: SINGLE (Groundball, 6MD)
|
Batting: SHB Garrett Waller
|
0-0: Ball 1-0: Ball 2-0: SINGLE (Line Drive, 7LS) Jerry Browning to second
|
Batting: LHB Francisco Cardenas
|
0-0: Foul Ball, location: 2F 0-1: Swinging Strike 0-2: Ball 1-2: DOUBLE (Line Drive, 7LS) Jerry Browning scores Garrett Waller to third
|
Batting: LHB Edison Snyder
|
0-0: Ball 1-0: Called Strike 1-1: Ball Single, Error in OF, E7, batter to second base Garrett Waller scores Francisco Cardenas scores
|
Batting: SHB Mike Robinson
|
0-0: Swinging Strike 0-1: Ball 1-1: Called Strike 1-2: Foul Ball, location: 2F 1-2: Foul Ball, location: 2F 1-2: Ball 2-2: Strikes out swinging
|
Batting: RHB Robert Porter
|
0-0: Foul Ball, location: 2F 0-1: Called Strike 0-2: Ball 1-2: Fly out, F8 (Flyball, 8RS)
|
Batting: RHB Ralph McCullum
|
0-0: Called Strike 0-1: Ball 1-1: Ball 2-1: Swinging Strike 2-2: Strikes out swinging
|
Bottom of the 1st over - 3 run(s), 4 hit(s), 1 error(s), 1 left on base; South Florida 1 - Auburn 3 |
TOP OF THE 2ND |
South Florida Bulls batting - Pitching for Auburn Tigers : LHP Werner Corona
|
Batting: RHB Joe LaFontaine
|
0-0: Ball 1-0: Called Strike 1-1: Swinging Strike 1-2: Strikes out swinging
|
Batting: RHB Ronnie Rogers
|
0-0: Called Strike 0-1: Fly out, F3 (Popup, 23F)
|
Batting: RHB Warren Strathbogie
|
0-0: Fly out, F9 (Flyball, 9LS)
|
Top of the 2nd over - 0 run(s), 0 hit(s), 0 error(s), 0 left on base; South Florida 1 - Auburn 3 |
BOTTOM OF THE 2ND |
Auburn Tigers batting - Pitching for South Florida Bulls : RHP Wade Stover
|
Batting: RHB Valentín Saldaña
|
0-0: Ground out 4-3 (Groundball, 4)
|
Batting: RHB Mauro González
|
0-0: Ball 1-0: Called Strike 1-1: Bunted foul 1-2: SINGLE (Line Drive, 4D)
|
Batting: RHB Jerry Browning
|
0-0: Ball 1-0: Fly out, F7 (Popup, 7LS)
|
Batting: SHB Garrett Waller
|
0-0: Called Strike 0-1: Swinging Strike 0-2: Foul Ball, location: 2F 0-2: Strikes out swinging
|
Bottom of the 2nd over - 0 run(s), 1 hit(s), 0 error(s), 1 left on base; South Florida 1 - Auburn 3 |
TOP OF THE 3RD |
South Florida Bulls batting - Pitching for Auburn Tigers : LHP Werner Corona
|
Batting: LHB Eric Mendoza
|
0-0: Called Strike 0-1: Ground out 3-1 (Groundball, 34S)
|
Batting: RHB Dave Anderson
|
0-0: SINGLE (Groundball, 34D) (infield hit)
|
Batting: RHB Víctor Pérez
|
0-0: Ball 1-0: Called Strike 1-1: Ball 2-1: Ball 3-1: Base on Balls Dave Anderson to second
|
Batting: LHB Bob Bush
|
0-0: Called Strike 0-1: Ball 1-1: Ball 2-1: Ball 3-1: SINGLE (Flyball, 9S) Dave Anderson to third Víctor Pérez to second
|
Batting: RHB Leonardo Sinisterra
|
0-0: Ball 1-0: Swinging Strike 1-1: Fly out, F8 (Flyball, 8RM) Runner from 3rd tags up, SCORES, no throw
|
Batting: RHB Pancho Reyna
|
0-0: Ball 1-0: DOUBLE (Flyball, 78XD) Víctor Pérez scores Bob Bush to third Runner from 3rd tries for Home, SAFE, no throw or cutoff
|
Batting: RHB Joe LaFontaine
|
0-0: Ball 1-0: Foul Ball, location: 2F 1-1: Called Strike 1-2: Ball 2-2: Ball 3-2: Foul Ball, location: 2F 3-2: Foul Ball, location: 2F 3-2: Strikes out swinging
|
Top of the 3rd over - 3 run(s), 3 hit(s), 0 error(s), 1 left on base; South Florida 4 - Auburn 3 |
BOTTOM OF THE 3RD |
Auburn Tigers batting - Pitching for South Florida Bulls : RHP Wade Stover
|
Batting: LHB Francisco Cardenas
|
0-0: SINGLE (Groundball, 6MD)
|
Batting: LHB Edison Snyder
|
0-0: Called Strike 0-1: Ball 1-1: Ball 2-1: Fly out, F8 (Flyball, 8LS)
|
Batting: SHB Mike Robinson
|
0-0: Called Strike 0-1: Ball 1-1: Ground out 2-3 (Groundball, 23) Francisco Cardenas to second
|
Batting: RHB Robert Porter
|
0-0: SINGLE (Line Drive, 8LS) Francisco Cardenas to third Runner from 3rd tries for Home, SAFE, no throw or cutoff
|
Batting: RHB Ralph McCullum
|
0-0: Called Strike 0-1: Ball 1-1: Swinging Strike 1-2: Strikes out swinging
|
Bottom of the 3rd over - 1 run(s), 2 hit(s), 0 error(s), 1 left on base; South Florida 4 - Auburn 4 |
TOP OF THE 4TH |
South Florida Bulls batting - Pitching for Auburn Tigers : LHP Werner Corona
|
Batting: RHB Ronnie Rogers
|
0-0: Called Strike 0-1: Called Strike Reached via error on a dropped throw, E3
|
Batting: RHB Warren Strathbogie
|
0-0: Swinging Strike 0-1: Fly out, F7 (Flyball, 7D)
|
Batting: LHB Eric Mendoza
|
0-0: Ground out 6-3 (Groundball, 6MD) Ronnie Rogers to second
|
Batting: RHB Dave Anderson
|
0-0: Foul Ball, location: 2F 0-1: Foul Ball, location: 2F 0-2: Ground out 4-3 (Groundball, 4)
|
Top of the 4th over - 0 run(s), 0 hit(s), 1 error(s), 1 left on base; South Florida 4 - Auburn 4 |
BOTTOM OF THE 4TH |
Auburn Tigers batting - Pitching for South Florida Bulls : RHP Wade Stover
|
Batting: RHB Valentín Saldaña
|
0-0: Fly out, F9 (Flyball, 89S)
|
Batting: RHB Mauro González
|
0-0: Fly out, F9 (Line Drive, 9M)
|
Batting: RHB Jerry Browning
|
0-0: Ball 1-0: Reached on error, E6 (Groundball, 6M)
|
Batting: SHB Garrett Waller
|
0-0: Ball 1-0: Ball 2-0: Ball 3-0: Called Strike 3-1: Reached on error, E4 (Groundball, 34) Jerry Browning to third
|
Batting: LHB Francisco Cardenas
|
0-0: DOUBLE (Flyball, 89M) Jerry Browning scores Garrett Waller to third Runner from 3rd tries for Home, SAFE, no throw or cutoff
|
Batting: LHB Edison Snyder
|
0-0: Called Strike 0-1: Ball 1-1: Ball 2-1: Ground out 5-3 (Groundball, 5)
|
Bottom of the 4th over - 2 run(s), 1 hit(s), 2 error(s), 1 left on base; South Florida 4 - Auburn 6 |
TOP OF THE 5TH |
South Florida Bulls batting - Pitching for Auburn Tigers : LHP Werner Corona
|
Batting: RHB Víctor Pérez
|
0-0: Ball 1-0: Ball 2-0: Called Strike 2-1: Ball 3-1: Base on Balls
|
Batting: LHB Bob Bush
|
0-0: Called Strike 0-1: Fielders Choice at 2nd, 5-4 (Groundball, 56)
|
Pitching: RHP Robinson Sánchez
|
|
Batting: RHB Leonardo Sinisterra
|
0-0: Swinging Strike 0-1: Called Strike 0-2: Ball 1-2: SINGLE (Groundball, 15S) (infield hit) Bob Bush to second
|
Batting: RHB Pancho Reyna
|
0-0: Called Strike 0-1: Fly out, F6 (Line Drive, 6S)
|
Batting: RHB Joe LaFontaine
|
0-0: Called Strike 0-1: Swinging Strike 0-2: Foul Ball, location: 2F 0-2: Ball 1-2: Foul Ball, location: 2F 1-2: Foul Ball, location: 2F 1-2: Strikes out swinging
|
Top of the 5th over - 0 run(s), 1 hit(s), 0 error(s), 2 left on base; South Florida 4 - Auburn 6 |
BOTTOM OF THE 5TH |
Auburn Tigers batting - Pitching for South Florida Bulls : RHP Wade Stover
|
Batting: SHB Mike Robinson
|
0-0: Ground out 4-3 (Groundball, 34)
|
Batting: RHB Robert Porter
|
0-0: Ball 1-0: Fly out, F4 (Popup, 34D)
|
Batting: RHB Ralph McCullum
|
0-0: Ball 1-0: Called Strike 1-1: Ball 2-1: Fly out, F5 (Popup, 5SF)
|
Bottom of the 5th over - 0 run(s), 0 hit(s), 0 error(s), 0 left on base; South Florida 4 - Auburn 6 |
TOP OF THE 6TH |
South Florida Bulls batting - Pitching for Auburn Tigers : RHP Robinson Sánchez
|
Batting: RHB Ronnie Rogers
|
0-0: Ball 1-0: Called Strike 1-1: Fly out, F8 (Flyball, 8LM)
|
Batting: RHB Warren Strathbogie
|
0-0: Called Strike 0-1: Foul Ball, location: 2F 0-2: Ball 1-2: Ball 2-2: Fly out, F6 (Popup, 6M)
|
Batting: LHB Eric Mendoza
|
0-0: SINGLE (Line Drive, 4D)
|
Batting: RHB Dave Anderson
|
0-0: Ball 1-0: Ball 2-0: SINGLE (Groundball, 4) Eric Mendoza to second Runner from 2nd tries for 3rd, SAFE, throw made to third Dave Anderson to second
|
Batting: RHB Víctor Pérez
|
0-0: Ball 1-0: Called Strike 1-1: Ball 2-1: Swinging Strike 2-2: Ball 3-2: Foul Ball, location: 2F 3-2: 3-RUN HOME RUN (Flyball, 7LD), Distance : 316 ft
|
Pitching: RHP James Jones
|
|
Batting: LHB Bob Bush
|
0-0: Ball 1-0: Ball 2-0: Foul Ball, location: 2F 2-1: Called Strike 2-2: Ball 3-2: Fly out, F8 (Flyball, 8RM)
|
Top of the 6th over - 3 run(s), 3 hit(s), 0 error(s), 0 left on base; South Florida 7 - Auburn 6 |
BOTTOM OF THE 6TH |
Auburn Tigers batting - Pitching for South Florida Bulls : RHP Wade Stover
|
Batting: RHB Valentín Saldaña
|
0-0: Called Strike 0-1: Ball 1-1: Called Strike 1-2: SOLO HOME RUN (Flyball, 7D), Distance : 348 ft
|
Pitching: RHP Ramón Rosado
|
|
Batting: RHB Mauro González
|
0-0: SINGLE (Line Drive, 4MD)
|
Batting: RHB Jerry Browning
|
0-0: Ball 1-0: Ball 2-0: Called Strike 2-1: Ball 3-1: 2-RUN HOME RUN (Flyball, 7D), Distance : 353 ft
|
Batting: SHB Garrett Waller
|
0-0: Ball 1-0: Ball 2-0: Ball 3-0: Called Strike 3-1: Base on Balls
|
Batting: LHB Francisco Cardenas
|
0-0: Called Strike 0-1: Ball 1-1: Foul Ball, location: 2F 1-2: Foul Ball, location: 2F 1-2: SINGLE (Groundball, 6M) Garrett Waller to second
|
Batting: LHB Edison Snyder
|
0-0: SINGLE (Line Drive, 6) Garrett Waller to third Francisco Cardenas to second Runner from 3rd tries for Home, SAFE, throw made home Francisco Cardenas to third Edison Snyder to second
|
Pitching: RHP Hugh Higgins
|
|
Batting: SHB Mike Robinson
|
0-0: Swinging Strike 0-1: Ball 1-1: Ball 2-1: Called Strike 2-2: Strikes out swinging
|
Batting: RHB Robert Porter
|
0-0: Intentional Walk
|
Batting: RHB Ralph McCullum
|
0-0: Called Strike 0-1: DOUBLE (Flyball, 78XD) Francisco Cardenas scores Edison Snyder scores Robert Porter to third Runner from 3rd tries for Home, SAFE, no throw or cutoff
|
Batting: RHB Valentín Saldaña
|
0-0: Called Strike 0-1: Swinging Strike 0-2: Foul Ball, location: 2F 0-2: Foul Ball, location: 2F 0-2: Strikes out swinging
|
Batting: RHB Mauro González
|
0-0: Called Strike 0-1: Called Strike 0-2: SINGLE (Line Drive, 4MD) Ralph McCullum to third Runner from 3rd tries for Home, SAFE, no throw or cutoff
|
Batting: RHB Jerry Browning
|
0-0: Called Strike 0-1: Swinging Strike 0-2: Strikes out swinging
|
Bottom of the 6th over - 8 run(s), 7 hit(s), 0 error(s), 1 left on base; South Florida 7 - Auburn 14 |
TOP OF THE 7TH |
South Florida Bulls batting - Pitching for Auburn Tigers : RHP James Jones
|
Batting: RHB Leonardo Sinisterra
|
0-0: Called Strike 0-1: Ball 1-1: Foul Ball, location: 2F 1-2: Fly out, F8 (Flyball, 8RM)
|
Batting: RHB Pancho Reyna
|
0-0: Ball 1-0: Called Strike 1-1: Ball 2-1: Foul Ball, location: 2F 2-2: Ball 3-2: Base on Balls
|
Batting: RHB Joe LaFontaine
|
0-0: Ball 1-0: Called Strike 1-1: Swinging Strike 1-2: Strikes out swinging
|
Batting: RHB Ronnie Rogers
|
0-0: Fly out, F9 (Popup, 4MD)
|
Top of the 7th over - 0 run(s), 0 hit(s), 0 error(s), 1 left on base; South Florida 7 - Auburn 14 |
BOTTOM OF THE 7TH |
Auburn Tigers batting - Pitching for South Florida Bulls : RHP Hugh Higgins
|
Batting: SHB David Boyle
|
0-0: Ball 1-0: Ball 2-0: Ball 3-0: Base on Balls
|
Batting: LHB Francisco Cardenas
|
0-0: Called Strike 0-1: Ball 1-1: Foul Ball, location: 2F 1-2: Ball 2-2: Ball 3-2: Base on Balls David Boyle to second
|
Pitching: LHP Jon Schroeder
|
|
Batting: LHB Edison Snyder
|
0-0: Ball 1-0: Ball 2-0: SINGLE (Groundball, 4MD) David Boyle to third Francisco Cardenas to second
|
Batting: SHB Mike Robinson
|
0-0: Foul Ball, location: 2F 0-1: Ball 1-1: Ball 2-1: Called Strike 2-2: Strikes out swinging
|
Batting: RHB Robert Porter
|
0-0: Called Strike 0-1: Ball 1-1: Ball 2-1: Foul Ball, location: 2F 2-2: SINGLE (Popup, 6MD) David Boyle scores Francisco Cardenas to third Edison Snyder to second Runner from 3rd tries for Home, SAFE, no throw or cutoff
|
Batting: RHB Ralph McCullum
|
0-0: Ball 1-0: SINGLE (Flyball, 8LS) Edison Snyder to third Robert Porter to second Runner from 3rd tries for Home, SAFE, throw made home
|
Batting: RHB Valentín Saldaña
|
0-0: Ball 1-0: Ball 2-0: Ball 3-0: Called Strike 3-1: Fly out, F8 (Flyball, 8RD) Runner from 2nd tags up, SAFE at 3rd, no throw
|
Batting: RHB Mauro González
|
0-0: Ball 1-0: Ball 2-0: Fly out, F8 (Flyball, 8RM)
|
Bottom of the 7th over - 3 run(s), 3 hit(s), 0 error(s), 2 left on base; South Florida 7 - Auburn 17 |
TOP OF THE 8TH |
South Florida Bulls batting - Pitching for Auburn Tigers : RHP James Jones
|
Batting: RHB Warren Strathbogie
|
0-0: Ball 1-0: Called Strike 1-1: Bunted foul 1-2: Strikes out swinging
|
Batting: LHB Eric Mendoza
|
0-0: Called Strike 0-1: Foul Ball, location: 2F 0-2: Ball 1-2: Ball 2-2: Strikes out swinging
|
Batting: RHB Dave Anderson
|
0-0: Foul Ball, location: 2F 0-1: Called Strike 0-2: Strikes out swinging
|
Top of the 8th over - 0 run(s), 0 hit(s), 0 error(s), 0 left on base; South Florida 7 - Auburn 17 |
BOTTOM OF THE 8TH |
Auburn Tigers batting - Pitching for South Florida Bulls : LHP Jon Schroeder
|
Batting: RHB Jerry Browning
|
0-0: Ball 1-0: Ball 2-0: Ball 3-0: Base on Balls
|
Batting: SHB David Boyle
|
0-0: Sac Bunt - play at first, batter OUT! 1-3 Jerry Browning to second
|
Batting: LHB Francisco Cardenas
|
0-0: Foul Ball, location: 2F 0-1: Called Strike 0-2: SINGLE (Line Drive, 56) Jerry Browning to third
|
Batting: LHB Edison Snyder
|
0-0: Called Strike 0-1: Called Strike 0-2: Strikes out swinging
|
Batting: SHB Mike Robinson
|
0-0: Ball 1-0: Ball 2-0: Foul Ball, location: 2F 2-1: Fly out, F9 (Flyball, 89M)
|
Bottom of the 8th over - 0 run(s), 1 hit(s), 0 error(s), 2 left on base; South Florida 7 - Auburn 17 |
TOP OF THE 9TH |
South Florida Bulls batting - Pitching for Auburn Tigers : RHP James Jones
|
Batting: RHB Víctor Pérez
|
0-0: Ball 1-0: Ball 2-0: Fly out, F9 (Flyball, 9M)
|
Batting: LHB Bob Bush
|
0-0: Ball 1-0: Foul Ball, location: 2F 1-1: Ball 2-1: Called Strike 2-2: Strikes out looking
|
Batting: RHB Leonardo Sinisterra
|
0-0: Called Strike 0-1: SINGLE (Flyball, 78M)
|
Batting: RHB Pancho Reyna
|
0-0: Ball Single, Error in OF, E7, batter to second base Leonardo Sinisterra to third
|
Batting: RHB Joe LaFontaine
|
0-0: Ball 1-0: Fly out, F9 (Flyball, 89M)
|
Top of the 9th over - 0 run(s), 2 hit(s), 1 error(s), 2 left on base; South Florida 7 - Auburn 17 |
|